Map: New Repugnancy LE

Players

Dear - Winner!

  • Race: Protoss Protoss
  • Spawn Location: 7:00

sOs

  • Race: Protoss Protoss
  • Spawn Location: 1:00

Event: IEM Season 13: Katowice (2019)

VOD

Have the link to the VOD?

Description

Time

  • Played on: Feb. 25, 2019, 9:27 a.m.
  • Length: 9:59

All games in this series

Show
View Real Time Build Order
Export as new Build Order

Dear Protoss - Winner!

Build Orders: Oracle Opening, Archon Immortal 

Get SALT Encoding   

  12  0:00  Probe  
  13  0:12  Probe  
  14  0:17  Pylon  
  14  0:24  Probe  
  15  0:32  Probe  
  15  0:37  Gateway  
  15  0:40  Probe  
  16  0:46  Assimilator  
  17  0:51  Probe  
  17  0:54  Assimilator  
  18  0:59  Probe  
  19  1:07  Gateway, Probe  
  19  1:17  Probe  
  20  1:24  Cybernetics Core  
  21  1:29  Probe  
  22  1:34  Pylon  
  22  1:41  Probe  
  23  1:53  Probe  
  24  2:00  Warp Gate  
  24  2:01  Stalker  
  26  2:02  Stalker  
  28  2:12  Pylon  
  28  2:31  Stalker  
  28  2:32  Stalker  
  32  2:37  Stargate  
  31  3:04  Nexus  
  31  3:09  Probe  
  32  3:13  Oracle  
  32  3:15  Shield Battery  
  32  3:26  Probe  
  32  3:38  Probe  
  33  3:49  Adept  
  33  3:50  Adept  
  33  3:51  Probe  
  38  4:03  Probe  
  39  4:12  Probe x2  
  41  4:20  Probe x2, Robotics Facility  
  42  4:24  Sentry x2  
  42  4:30  Probe x2  
  47  4:37  Forge  
  45  4:40  Probe  
  45  4:42  Probe  
  47  4:48  Probe, Assimilator x2  
  48  4:54  Adept x2, Probe  
  48  4:56  Probe  
  48  4:57  Pylon  
  53  5:04  Shield Battery  
  54  5:07  Protoss Ground Weapons Level 1  
  54  5:09  Observer  
  54  5:15  Probe x2  
  54  5:17  Pylon  
  57  5:24  Immortal  
  57  5:27  Probe  
  58  5:29  Probe  
  58  5:35  Stalker x2  
  65  5:41  Probe  
  65  5:42  Probe  
  67  5:53  Immortal  
  67  5:54  Twilight Council, Gateway  
  67  5:56  Gateway  
  69  6:08  Pylon  
  69  6:11  Photon Cannon  
  69  6:17  Pylon  
  69  6:24  Protoss Ground Weapons Level 2  
  69  6:32  Immortal  
  69  6:35  Zealot x2  
  69  6:39  Charge  
  77  6:42  Templar Archives  
  77  6:46  Gateway  
  77  6:47  Gateway  
  77  6:57  Pylon  
  77  7:10  Phoenix  
  77  7:14  Warp Prism, Pylon  
  81  7:24  Pylon  
  81  7:26  High Templar x2  
  81  7:29  Zealot  
  87  7:30  Zealot  
  87  7:31  Archon  
  87  7:34  Gateway  
  89  7:37  Gateway, Probe  
  89  7:40  Pylon  
  90  7:54  Zealot x4  
  98  8:00  High Templar  
  98  8:01  High Templar  
  98  8:03  Archon  
  94  8:07  Archon  
  86  8:15  Zealot x4  
  86  8:22  Immortal  
  78  8:42  Zealot x5, High Templar x2  
  78  8:45  Zealot  
  78  8:46  Archon  
  91  8:58  Nexus  
  89  9:05  High Templar x2  
  89  9:07  Zealot x2  
  89  9:08  Archon  
  97  9:14  Zealot x2  
  101  9:23  Dark Shrine  
  101  9:28  Zealot x2  
  103  9:33  Zealot x2  
  87  9:39  Zealot x3  
  82  9:47  Zealot  
Show
View Real Time Build Order
Export as new Build Order

sOs Protoss 

Build Orders: Zealot Archon, Dark Templar Rush 

Get SALT Encoding   

  12  0:00  Probe  
  13  0:12  Probe  
  14  0:17  Pylon  
  14  0:24  Probe  
  15  0:32  Probe  
  15  0:37  Gateway  
  15  0:40  Probe  
  16  0:46  Assimilator  
  17  0:50  Probe  
  17  0:54  Assimilator  
  18  0:58  Probe  
  19  1:06  Probe  
  20  1:14  Gateway  
  20  1:17  Probe  
  20  1:25  Cybernetics Core  
  21  1:29  Probe  
  22  1:35  Pylon  
  22  1:41  Probe  
  23  1:53  Probe  
  24  2:02  Stalker  
  24  2:03  Warp Gate, Sentry  
  28  2:08  Pylon  
  28  2:27  Twilight Council  
  28  2:34  Stalker  
  28  2:37  Stalker  
  32  2:59  Nexus  
  33  3:08  Dark Shrine  
  32  3:13  Probe  
  33  3:25  Probe  
  32  3:35  Shield Battery  
  32  3:37  Probe  
  33  3:48  Pylon  
  33  3:53  Stalker  
  33  3:54  Stalker  
  33  3:55  Probe  
  38  4:07  Probe  
  39  4:11  Probe  
  40  4:19  Probe  
  40  4:20  Dark Templar x2  
  43  4:31  Probe  
  44  4:41  Probe  
  44  4:42  Probe  
  44  4:50  Probe x2  
  44  4:55  Robotics Facility  
  44  4:57  Charge  
  44  4:58  Probe x2  
  46  5:06  Probe x2  
  50  5:15  Probe x2  
  50  5:19  Pylon  
  52  5:21  Warp Prism  
  52  5:22  Sentry, Assimilator  
  52  5:23  Assimilator  
  52  5:25  Probe x2  
  56  5:35  Gateway  
  56  5:36  Gateway  
  56  5:37  Forge  
  54  5:45  Probe  
  54  5:46  Probe  
  54  5:47  Warp Prism  
  56  5:59  Probe x2  
  56  6:00  Protoss Ground Weapons Level 1  
  58  6:06  Pylon  
  58  6:15  Gateway  
  58  6:16  Immortal  
  58  6:19  Gateway  
  58  6:21  Probe x2  
  63  6:30  Gateway  
  62  6:33  Gateway  
  62  6:38  Dark Templar  
  64  6:44  Zealot x2  
  68  6:47  Zealot  
  68  6:50  Pylon  
  70  7:00  Pylon  
  70  7:01  Pylon  
  70  7:15  Zealot x4  
  74  7:21  Pylon  
  78  7:26  Observer  
  78  7:29  Dark Templar x3, Archon  
  85  7:35  Dark Templar  
  87  7:37  Archon  
  87  7:38  Zealot  
  87  7:40  Archon  
  87  7:41  Zealot  
  87  7:43  Zealot  
  93  7:49  Zealot  
  95  8:04  Zealot x2  
  95  8:05  Zealot x2  
  87  8:07  Zealot  
  89  8:17  Zealot  
  77  8:23  Zealot  
  73  8:31  Templar Archives  
  72  8:43  Stalker x2  
  76  9:00  Observer  
  77  9:08  High Templar x4  
  77  9:09  Zealot, High Templar x2  
  91  9:10  Zealot  
  91  9:12  Archon x2  
  91  9:13  Archon  
  93  9:17  Pylon  
  53  9:46  Zealot x4  

Tags
 
Add a new tag
Caveats
  • Supply blocks, unpowered buildings, or Contaminate may cause inaccurate times.
  • Supply counts are checked every 10 seconds.